 Dungeon Crawl Stone Soup version 0.27-a0-1139-g28e009f8a6 (webtiles) character file.

Game seed: 18256739644242077163

88 Kuinu the Sneak (level 4, -2/28 HPs)
             Began as a Kobold Brigand on May 7, 2021.
             Slain by Robin
             ... wielding a +0 mace
              (5 damage)
             ... on level 3 of the Dungeon.
             The game lasted 00:04:39 (2336 turns).

Kuinu the Sneak (Kobold Brigand)                    Turns: 2336, Time: 00:04:40

Health: -2/28      AC:  5    Str:  8    XL:     4   Next: 81%
Magic:  4/4        EV: 14    Int: 12    God:
Gold:   75         SH:  0    Dex: 17    Spells: 3/3 levels left

rFire    . . .     SeeInvis .   a - +3 dagger
rCold    . . .     Faith    .   (shield restricted)
rNeg     . . .     Spirit   .   k - +0 leather armour
rPois    .         Reflect  .   (no helmet)
rElec    .         Harm     .   c - +1 cloak
rCorr    .         Rampage  .   (no gloves)
Will     .....                  (no boots)
Stlth    ++++......             (no amulet)
HPRegen  0.09/turn              (no ring)
MPRegen  0.09/turn              (no ring)

@: no status effects
A: small, no large weapons, nightstalker 3
a: no special abilities


You were on level 3 of the Dungeon.
You visited 1 branch of the dungeon, and saw 3 of its levels.

You collected 75 gold pieces.

Inventory:

Hand Weapons
 a - a +3 dagger (weapon)
Missiles
 d - 8 poisoned darts (quivered)
 e - 2 curare-tipped darts
Armour
 b - a +0 robe
 c - a +1 cloak (worn)
 k - a +0 leather armour (worn)
Jewellery
 i - a ring of flight
Scrolls
 f - a scroll of teleportation
 g - 2 scrolls of enchant armour
 h - a scroll of enchant weapon
Potions
 j - 2 potions of curing {unknown}
 l - a potion of heal wounds {unknown}
 m - a potion of haste
 o - 2 potions of flight


   Skills:
 * Level 3.2 Fighting
 * Level 3.8 Short Blades
 - Level 2.1 Throwing
 + Level 0.8 Armour
 * Level 2.7 Dodging
 + Level 5.5 Stealth


You had 3 spell levels left.
You didn't know any spells.
Your spell library was empty.

Dungeon Overview and Level Annotations

Branches:
Dungeon (3/15)

Altars:

Annotations:
D:3 Robin


Innate Abilities, Weirdness & Mutations

You are small and have problems with some larger weapons.
You are completely attuned to the shadows.


Message History

No target in view!
No target in view!
A ball python comes into view.
Found a +0 animal skin.
You see here 18 arrows.
The helpless ball python fails to defend itself.
You stick the ball python like a pincushion!!!
You kill the ball python!
Robin shouts!
You hear a shout!
Robin roars a battlecry!
The hobgoblin goes into a battle-frenzy!
Robin roars a battlecry!
The hobgoblin goes into a battle-frenzy!
The hobgoblin shouts! x2
The hobgoblin hits you but does no damage. x2
The hobgoblin barely misses you.
You see here 18 arrows.
You hit the hobgoblin.
The hobgoblin is almost dead.
You hit Robin.
Robin is moderately wounded.
The hobgoblin misses you. Robin closely misses you.
You barely miss Robin.
Robin is moderately wounded.
The hobgoblin barely misses you. Robin throws the goblin at you!
You hit Robin but do no damage.
Robin is moderately wounded.
The goblin barely misses you. The hobgoblin hits you!
You hit Robin.
Robin is heavily wounded.
Robin hits you with a +0 mace! The goblin closely misses you.
You barely miss Robin.
Robin is heavily wounded.
The hobgoblin closely misses you. Robin hits you with a +0 mace.
You barely miss Robin.
Robin is heavily wounded.
The goblin completely misses you. The hobgoblin hits you.
* * * LOW HITPOINT WARNING * * *
Robin hits you with a +0 mace.
You die...

#.#................
##..............#
.###.....#......##..#
..(.######.#.gg##....
......## #.###.†#..#
........# # ##(#.#
........####.####...####
..............[ggg.....###
.......<......g@#.####...####
..#...######.##...# ###....#
.....#######.#....# ####.#
.................... #.#
######....##.#..#... #.#
####...... #.## ##..... #
#..## ##..#... ..#####..#
#####†....## #........#


You could see Robin, 2 hobgoblins and a goblin (strong).

Vanquished Creatures
  A gnoll (D:1)
  An adder (D:2)
  2 worms (D:2)
  A dart slug (D:1)
  3 endoplasms
  6 giant cockroaches
  8 goblins
  9 hobgoblins
  4 jackals (D:1)
  2 quokkas
  7 ball pythons
  A bat (D:1)
  2 frilled lizards
  5 kobolds
  A rat (D:3)
53 creatures vanquished.

Notes
Turn   | Place    | Note
-------+----------+-------------------------------------------
     0 | D:1      | Kuinu the Kobold Brigand began the quest for the Orb.
     0 | D:1      | Reached XP level 1. HP: 12/12 MP: 1/1
   134 | D:1      | Reached XP level 2. HP: 18/18 MP: 2/2
   209 | D:1      | Reached XP level 3. HP: 14/22 MP: 3/3
   557 | D:1      | You fall into a shaft and drop 1 floor!
   848 | D:2      | Reached XP level 4. HP: 27/27 MP: 4/4
  1094 | D:1      | Found a faded altar of an unknown god.
  1979 | D:3      | Noticed Robin
  2336 | D:3      | Slain by Robin

Illustrated notes

Levels and vault maps discovered:
D:1:      moated_graveyard_arrival, layout_basic, ebering_ecumenical_altar_box
D:2:      layout_basic, chequers_hall_statues_wall_a
D:3:      layout_rooms, minmay_bisected, uniq_robin

Skill      XL: |  1  2  3  4 |
---------------+-------------+-----
Short Blades   | 3 |  3.8
Dodging        | 2 |  2.7
Fighting       | 3 |  3.2
Throwing       | |  2.1
Armour         | |  0.8
Stealth        | |  5.5

Action                   |  1- 3 |  4- 6 || total
-------------------------+-------+-------++-------
Melee: Dagger            |    63 |    89 ||   152
  Use: Scroll            |       |     8 ||     8
 Stab: Sleeping          |    14 |    16 ||    30
Armor: Robe              |    16 |     1 ||    17
       Leather armour    |       |    10 ||    10
Dodge: Dodged            |    32 |    57 ||    89

Table legend: (Time is in decaauts)
 A = Elapsed time spent in this place.
 B = Non-inter-level travel time spent in this place.
 C = Inter-level travel time spent in this place.
 D = Time resting spent in this place.
 E = Time spent auto-exploring this place.
 F = Levels seen in this place.
 G = Mean time per level.
                   A        B        C        D        E       F      G
               +--------+--------+--------+--------+--------+-----+--------+
         Total |   2311 |   2244 |     67 |    214 |   1650 |   3 |  770.3 |
       Dungeon |   2311 |   2244 |     67 |    214 |   1650 |   3 |  770.3 |
               +--------+--------+--------+--------+--------+-----+--------+

Top non-repeatable levels by time:
     D:1: 931 daAuts
     D:2: 800 daAuts
     D:3: 578 daAuts
